 Dungeon Crawl Stone Soup version 0.29-a0-994-gc5c9f59d18 (webtiles) character file.

Game seed: 15869851951276458275

15215 drugrobin the Severer (level 11, -9/85 HPs)
             Began as a Demigod Fighter on Aug 3, 2022.
             Mangled by a two-headed ogre
             ... wielding a +0 giant spiked club
              (24 damage)
             ... on level 11 of the Dungeon.
             The game lasted 00:36:06 (15070 turns).

drugrobin the Severer (Demigod Fighter)            Turns: 15070, Time: 00:36:06

Health: -9/85      AC: 10    Str: 29    XL:     11   Next: 67%
Magic:  24/25      EV: 25    Int: 10    God:
Gold:   395        SH:  4    Dex: 13    Spells: 18/23 levels left

rFire   . . .      SeeInvis .   a - +0 broad axe (flame)
rCold   . . .      Faith    .   c - +0 buckler
rNeg    . . .      Spirit   .   F - +0 swamp dragon scales
rPois   +          Reflect  .   h - +0 hat
rElec   .          Harm     .   (no cloak)
rCorr   .          Rampage  +   (no gloves)
Will    +....                   B - +2 pair of boots {rampage}
Stlth   +.........              M - amulet of the acrobat
HPRegen 0.24/turn               P - ring of wizardry
MPRegen 0.19/turn               O - ring of wizardry

@: acrobatic, slowed, very slow
A: high MP 1, forlorn, divine attributes
a: no special abilities


You were on level 11 of the Dungeon.
You visited 2 branches of the dungeon, and saw 12 of its levels.

You collected 627 gold pieces.
You spent 232 gold pieces at shops.

Inventory:

Hand Weapons
 a - a +0 broad axe of flaming (weapon)
 E - a +0 war axe
Missiles
 u - 5 javelins
 y - 5 curare-tipped darts
 H - 2 throwing nets
 I - 17 poisoned darts
 N - 2 boomerangs (quivered)
Armour
 c - a +0 buckler (worn)
 h - a +0 hat (worn)
 A - a +0 plate armour of willpower
 B - a +2 pair of boots of rampaging (worn)
 F - +0 swamp dragon scales (worn)
 U - +0 acid dragon scales
Magical Staves
 C - a staff of air
Jewellery
 f - a ring of poison resistance
 D - a ring of fire
 M - an amulet of the acrobat (around neck)
 O - a ring of wizardry (right hand)
 P - a ring of wizardry (left hand)
 R - a ring of magical power
Wands
 g - a wand of mindburst (11)
 x - a wand of polymorph (4)
 G - a wand of roots (14)
Scrolls
 b - 5 scrolls of noise {unknown}
 e - 5 scrolls of immolation {unknown}
 i - 5 scrolls of teleportation {unknown}
 j - 5 scrolls of fear {unknown}
 l - 8 scrolls of identify {unknown}
 m - 3 scrolls of poison {unknown}
 w - 3 scrolls of vulnerability {unknown}
 J - 3 scrolls of amnesia {unknown}
 K - 3 scrolls of enchant weapon {unknown}
 L - a scroll of torment {unknown}
 Q - a scroll of silence {unknown}
 T - 3 scrolls of magic mapping {unknown}
Potions
 d - 4 potions of might
 k - 4 potions of heal wounds {unknown}
 n - a potion of resistance {unknown}
 o - 3 potions of curing
 p - a potion of invisibility {unknown}
 q - a potion of flight {unknown}
 r - 3 potions of degeneration {unknown}
 s - 5 potions of attraction {unknown}
 v - a potion of cancellation {unknown}
 z - 2 potions of berserk rage {unknown}
 S - a potion of lignification {unknown}
Miscellaneous
 t - a box of beasts


   Skills:
 + Level 4.6 Fighting
 * Level 15.7 Axes
 - Level 2.6 Armour
 - Level 2.6 Shields
 + Level 6.8 Spellcasting


You had 18 spell levels left.
You knew the following spells:

 Your Spells              Type           Power      Damage    Failure   Level
a - Call Imp              Summ           3%         N/A       16%         2
b - Mephitic Cloud        Conj/Pois/Air  3%         N/A       28%         3

Your spell library contained the following spells:

 Spells                   Type           Power      Damage    Failure   Level
 Magic Dart               Conj           12%        1d3       11%         1
 Sublimation of Blood     Necr           3%         N/A       16%         2
 Ignite Poison            Fire/Tmut/Pois 3%         N/A       28%         3
 Inner Flame              Hex/Fire       3%         N/A       28%         3
 Animate Dead             Necr           3%         N/A       63%         4
 Cause Fear               Hex            1%         N/A       63%         4
 Dispel Undead            Necr           3%         3d7       63%         4
 Borgnjor's Vile Clutch   Necr/Erth      1%         N/A       91%         5
 Freezing Cloud           Conj/Ice/Air   1%         6-21      91%         5
 Summon Forest            Summ/Tloc      1%         N/A       91%         5
 Summon Mana Viper        Hex/Summ       3%         N/A       91%         5
 Summon Cactus Giant      Summ           1%         N/A       100%        6
 Haunt                    Necr/Summ      1%         N/A       100%        7
 Discord                  Hex            1%         N/A       100%        8
 Infestation              Necr           1%         N/A       100%        8


Dungeon Overview and Level Annotations

Branches:
Dungeon (11/15)            Temple (1/1) D:6            Lair (0/5) D:8
    Orc: D:9-12

Shops:
D:6 [

Annotations:
D:5 Edmund


Innate Abilities, Weirdness & Mutations

You have an increased reservoir of magic. (+10% MP)
You shall have no god before yourself.
Your divine heritage dramatically boosts your attributes as you level up.


Message History

The two-headed ogre appears confused.
The two-headed ogre barely misses you.
The two-headed ogre hits you with a +0 giant club!!
You slash the two-headed ogre! You burn the two-headed ogre.
The two-headed ogre is moderately wounded.
You catch the helpless two-headed ogre completely off-guard!
You slice the two-headed ogre!! You burn the two-headed ogre.
The two-headed ogre is severely wounded.
The two-headed ogre is engulfed in noxious fumes.
The two-headed ogre barely misses you.
The two-headed ogre hits you with a +0 giant club!!
You slice the two-headed ogre!! You burn the two-headed ogre.
You kill the two-headed ogre!
Things that are here:
a +0 giant club; a +0 giant club
Found a scroll labelled HELALI GU POE.
A wraith comes into view.
Your crimson imp blinks!
You slice the wraith!! You burn the wraith.
The wraith is severely damaged.
The wraith hits you. The wraith drains your vigour!
You feel yourself slow down.
You barely miss the wraith.
The wraith is severely damaged.
Your crimson imp disappears in a puff of smoke!
The wraith hits you. The wraith drains your vigour!
You feel as though you will be slow longer.
You slash the wraith! You burn the wraith.
You destroy the wraith!
A two-headed ogre comes into view.
It is wielding a +0 giant spiked club and a +0 giant club.
The two-headed ogre shouts in stereo!
You block the two-headed ogre's attack.
The two-headed ogre hits you with a +0 giant club!!
* * * LOW HITPOINT WARNING * * *
The two-headed ogre attacks as you move away!
You block the two-headed ogre's attack. x2
Things that are here:
a +0 giant club; a +0 giant club The two-headed ogre attacks as you move away!
The two-headed ogre hits you with a +0 giant spiked club!!
You die...

#$ ##..#####.### #.
#.##.........# #.
###......####### #.
####.....#.## #.
#......_...# #.
#.........## ##.
...###..### #..
.......<# ##..
...####@# #..# . #O#
###..# . # #.# #....#
#..#. #.# ##.##.#
......#.### ##..##.#
...)...# #......#
##..###.# #...D..
####...######..####.#
......
..................
#....
##...######.#......


You could see a two-headed ogre.

Vanquished Creatures
  A boulder beetle (D:10)
  A centaur warrior (D:9)
  3 two-headed ogres
  A deep elf pyromancer (D:9)
  A cyclops (D:10)
  An ugly thing (D:11)
  Maggie (D:7)
  Psyche (D:9)
  A hornet (D:8)
  Sigmund (D:4)
  3 wraiths
  Eustachio (D:5)
  22 yaks
  A steam dragon (D:8)
  6 vampire mosquitoes
  5 water moccasins
  5 orc warriors
  3 ice beasts (D:7)
  2 sky beasts (D:7)
  3 black bears
  A tengu (D:11)
  4 centaurs
  6 ogres
  2 phantoms
  2 kobold brigands
  6 bullfrogs
  A necrophage (D:7)
  5 scorpions
  4 wights (D:8)
  4 killer bees (D:10)
  8 howler monkeys
  5 hounds
  5 jellies
  A gnoll bouda (D:6)
  6 orc priests
  5 iguanas
  11 orc wizards
  6 gnolls
  8 adders
  A shadow imp (D:4)
  4 white imps
  An ufetubus (D:6)
  2 worms
  5 dart slugs
  30 orcs
  11 ball pythons
  10 endoplasms
  6 giant cockroaches
  9 goblins
  5 hobgoblins
  4 jackals (D:4)
  10 kobolds
  6 quokkas
  8 bats
  8 frilled lizards
  5 rats
278 creatures vanquished.

Vanquished Creatures (others)
  32 fungi (D:8)
  38 plants
70 creatures vanquished.

Grand Total: 348 creatures vanquished

Notes
Turn   | Place    | Note
-------+----------+-------------------------------------------
     0 | D:1      | drugrobin the Demigod Fighter began the quest for the Orb.
     0 | D:1      | Reached XP level 1. HP: 18/18 MP: 3/3
   102 | D:1      | Reached skill level 2 in Axes
   341 | D:1      | Reached XP level 2. HP: 16/25 MP: 4/4
   736 | D:1      | Reached skill level 3 in Axes
  1098 | D:1      | Reached XP level 3. HP: 29/30 MP: 5/5
  1667 | D:2      | Identified the +1 short sword "Killer Klown's Regret"
                  | {drain, rF+ rN+ MP+9}
  2159 | D:3      | Reached skill level 4 in Axes
  2341 | D:3      | Reached XP level 4. HP: 30/37 MP: 6/6
  2825 | D:4      | Noticed an ogre
  2950 | D:4      | Noticed a black bear
  2959 | D:3      | Reached skill level 5 in Axes
  2959 | D:3      | Reached XP level 5. HP: 38/42 MP: 7/7
  3891 | D:4      | Noticed an ogre
  3915 | D:3      | Reached skill level 6 in Axes
  3915 | D:3      | Reached XP level 6. HP: 36/50 MP: 8/8
  4661 | D:4      | Reached skill level 7 in Axes
  4946 | D:4      | Noticed Sigmund
  5022 | D:5      | Entered Level 5 of the Dungeon
  5610 | D:4      | Killed Sigmund
  5611 | D:4      | Reached XP level 7. HP: 56/56 MP: 9/9
  5769 | D:3      | Reached skill level 8 in Axes
  6125 | D:5      | Reached skill level 9 in Axes
  6311 | D:5      | Noticed Edmund
  6313 | D:5      | Noticed Eustachio
  6320 | D:5      | Reached XP level 8. HP: 55/62 MP: 10/10
  6831 | D:5      | Killed Eustachio
  6832 | D:5      | Reached skill level 10 in Axes
  6902 | D:6      | Found Pykiatal's Antique Armour Shop.
  6918 | D:6      | Bought a pair of embroidered boots for 232 gold pieces
  7612 | D:6      | Reached skill level 11 in Axes
  7779 | D:6      | Found a staircase to the Ecumenical Temple.
  7784 | Temple   | Entered the Ecumenical Temple
  8681 | D:7      | Reached XP level 9. HP: 51/68 MP: 11/11
  8759 | D:7      | Noticed Maggie
  8776 | D:7      | Killed Maggie
  8798 | D:7      | Got the Essays on the Mausoleum
  8915 | D:7      | Reached skill level 12 in Axes
  8915 | D:7      | Reached skill level 1 in Spellcasting
  9936 | D:8      | Reached skill level 13 in Axes
  9945 | D:8      | Reached XP level 10. HP: 53/74 MP: 18/18
  9955 | D:8      | Learned a level 2 spell: Call Imp
 10561 | D:8      | Found a staircase to the Lair.
 11272 | D:9      | Reached skill level 14 in Axes
 11290 | D:9      | Reached skill level 5 in Spellcasting
 11642 | D:9      | Noticed a deep elf pyromancer
 11649 | D:9      | Killed a deep elf pyromancer
 11871 | D:9      | Noticed a two-headed ogre
 11911 | D:9      | Killed a two-headed ogre
 12217 | D:9      | Identified the +1 ring mail of Subjectivity {Contam Will+
                  | Dex+2}
 12262 | D:9      | Learned a level 3 spell: Mephitic Cloud
 12264 | D:9      | Noticed Psyche
 12278 | D:9      | Killed Psyche
 12467 | D:9      | Noticed a centaur warrior
 12483 | D:9      | Killed a centaur warrior
 12484 | D:9      | Reached XP level 11. HP: 25/81 MP: 17/23
 13092 | D:10     | Entered Level 10 of the Dungeon
 13328 | D:10     | Reached skill level 15 in Axes
 14117 | D:11     | Noticed a two-headed ogre
 14154 | D:10     | Killed a two-headed ogre
 14179 | D:11     | Noticed a boulder beetle
 14213 | D:10     | Killed a boulder beetle
 15049 | D:11     | Noticed a two-headed ogre
 15056 | D:11     | Killed a two-headed ogre
 15064 | D:11     | Noticed a two-headed ogre
 15070 | D:11     | Mangled by a two-headed ogre

Illustrated notes

Levels and vault maps discovered:
D:1:      dpeg_arrival_connections, layout_loops_ring,
          dreamdust_ecumenical_altar_grove
D:2:      layout_loops_ring, grunt_ministairs_9
D:3:      layout_basic, grunt_decor_arrowhead
D:4:      minmay_spotlight, layout_gridville,
          beargit_hepliaklqana_dungeon_heroes
D:5:      layout_basic, minivault_24, uniq_edmund, uniq_eustachio
D:6:      layout_basic, temple_doors_ab, serial_shops, shop, nicolae_titane
D:7:      minmay_bubble_buster, layout_loops_corners,
          chequers_serial_rivers_marsh, uniq_maggie
D:8:      layout_layer_cave, due_lair_maze_entry_diamond
D:9:      layout_irregular_city, elyvilon_altar_3, chequers_mini_garden,
          uniq_psyche
D:10:     layout_roguey
D:11:     layout_rooms, bloody_makhleb
Temple:   nicolae_temple_bog_church

Skill      XL: |  1  2  3  4  5  6  7  8  9 10 11 |
---------------+----------------------------------+-----
Axes           | 2 3 4 5 6 7 9 11 13 14 15 | 15.7
Spellcasting   | 3 5 6 |  6.8
Fighting       | 4 |  4.6
Armour         | |  2.6
Shields        | |  2.6

Action                   |  1- 3 |  4- 6 |  7- 9 | 10-12 || total
-------------------------+-------+-------+-------+-------++-------
Melee: War axe           |   134 |   144 |   198 |       ||   476
       Broad axe         |       |       |   113 |   305 ||   418
Throw: Stone             |     4 |    27 |    32 |     7 ||    70
       Javelin           |       |     8 |     7 |     3 ||    18
       Dart              |       |     1 |     6 |     8 ||    15
       Boomerang         |       |       |       |     6 ||     6
 Cast: Call Imp          |       |       |       |     8 ||     8
       Mephitic Cloud    |       |       |       |    12 ||    12
Evoke: Wand              |       |       |     1 |     1 ||     2
  Use: Potion            |       |       |     1 |       ||     1
 Stab: Confused          |       |       |       |    13 ||    13
       Distracted        |       |       |       |     1 ||     1
Armor: Scale mail        |    64 |    52 |       |       ||   116
       Chain mail        |       |    16 |     8 |       ||    24
       Plate armour      |       |       |   121 |       ||   121
       Swamp dragon scal |       |       |    36 |    86 ||   122
Dodge: Dodged            |    60 |    61 |    81 |   138 ||   340
Block: Buckler           |    20 |    34 |    52 |    42 ||   148

Table legend: (Time is in decaauts)
 A = Elapsed time spent in this place.
 B = Non-inter-level travel time spent in this place.
 C = Inter-level travel time spent in this place.
 D = Time resting spent in this place.
 E = Time spent auto-exploring this place.
 F = Levels seen in this place.
 G = Mean time per level.
                   A        B        C        D        E       F      G
               +--------+--------+--------+--------+--------+-----+--------+
         Total |  15201 |  14362 |    839 |   3661 |   7141 |  12 | 1266.8 |
       Dungeon |  15199 |  14360 |    839 |   3661 |   7141 |  11 | 1381.7 |
        Temple |      1 |      1 |      0 |      0 |      0 |   1 |    1.0 |
               +--------+--------+--------+--------+--------+-----+--------+

Top non-repeatable levels by time:
     D:4: 2149 daAuts
     D:9: 1848 daAuts
     D:7: 1678 daAuts
     D:8: 1566 daAuts
     D:3: 1541 daAuts
    D:10: 1526 daAuts
     D:1: 1490 daAuts
     D:5: 1126 daAuts
     D:6: 1099 daAuts
     D:2: 705 daAuts
    D:11: 465 daAuts
  Temple: 1 daAuts
